 Dungeon Crawl Stone Soup version 0.31-a0-1352-gc98d92de7d (webtiles) character file.

Game seed: 3946228533519708138

1518486 PanSaczeczos the Conqueror (level 27, 295/295 (298) HPs)
             Began as a Naga Wanderer on Dec 22, 2023.
             Was a High Priest of Trog.
             Escaped with the Orb
             ... and 3 runes!
             The game lasted 03:11:43 (89156 turns).

PanSaczeczos the Conqueror (Naga Wanderer)         Turns: 89156, Time: 03:11:44

HP:   295/295 (298) AC: 39    Str: 31    XL:     27
MP:   24/24         EV: 24    Int: 11    God:    Trog [*****.]
Gold: 4635          SH:  5    Dex: 31    Spells: 28/28 levels left

rFire   + . .        a - +6 lajatang (heavy)
rCold   + . .        (shield currently unavailable)
rNeg    . . .        s - +2 ring mail of Time Monsters {Str+3 Dex+3}
rPois   +            m - +2 helmet
rElec   +            E - +1 cloak {rCorr}
rCorr   +            C - +1 pair of gloves {Dex+3}
SInv    +            Y - +6 lightning scales {swift, rElec}
Will    ++++.        V - amulet of reflection
Stlth   ++           G - ring of Idid {rF+ rCorr Str+6 SInv}
HPRegen 0.69/turn    I - ring of Wefowyst {rC+ Will+ Str+6}
MPRegen 0.19/turn

%: reflection
@: lightly drained, slow
A: AC +9, large, see invisible, deformed body, poison resistance, slowness 2,
spit poison 1, naga tail 2, screaming 1, inability to read after injury 1
0: Orb of Zot
}: 3/15 runes: decaying, silver, gossamer
a: Spit Poison, Renounce Religion, Berserk, Trog's Hand, Brothers in Arms


You escaped.
You worshipped Trog.
Trog was extremely pleased with you.
You visited 10 branches of the dungeon, and saw 50 of its levels.
You also visited: Bailey, Gauntlet, Ice Cave and Desolation.

You collected 8310 gold pieces.
You spent 3675 gold pieces at shops.

Inventory:

Hand Weapons
 a - a +6 heavy lajatang (weapon)
 b - the +7 arbalest of Ceri {speed, rF+ Will+}
   (You bought it in a shop on level 7 of the Dungeon)

   rF+:       It protects you from fire.
   Will+:     It increases your willpower.
 q - the +6 arbalest "Damnation" {damnation}
   (You acquired it on level 3 of the Elven Halls)
 w - a +3 antimagic demon whip
 z - a +3 eveningstar of holy wrath
Missiles
 c - 14 datura-tipped darts
 i - 74 poisoned darts
 J - 6 atropa-tipped darts
 N - 24 curare-tipped darts (quivered)
Armour
 m - a +2 helmet (worn)
 s - the +2 ring mail of Time Monsters (worn) {Str+3 Dex+3}
   (You found it on level 5 of the Lair of Beasts)

   Str+3:     It affects your strength (+3).
   Dex+3:     It affects your dexterity (+3).
 C - a +1 pair of gloves of dexterity (worn)
 E - a +1 cloak of preservation (worn)
 O - a +2 robe of positive energy
 Y - the +6 lightning scales (worn) {swift, rElec}
   (You acquired it on level 5 of the Dungeon)

   Swift:     It allows the wearer to cover ground more swiftly.
   rElec:     It insulates you from electricity.
Jewellery
 G - the ring of Idid (left hand) {rF+ rCorr Str+6 SInv}
   (You found it on level 2 of the Depths)

   [ring of strength]

   Str+6:     It affects your strength (+6).
   rF+:       It protects you from fire.
   SInv:      It lets you see invisible.
   rCorr:     It protects you from acid and corrosion.
 I - the ring of Wefowyst (right hand) {rC+ Will+ Str+6}
   (You bought it in a shop on level 4 of the Depths)

   [ring of strength]

   Str+6:     It affects your strength (+6).
   rC+:       It protects you from cold.
   Will+:     It increases your willpower.
 P - the ring of Untruth {rPois rN+ Will+ Int+6 Dex+2}
   (You acquired it on level 5 of the Vaults)

   [ring of intelligence]

   Int+6:     It affects your intelligence (+6).
   Dex+2:     It affects your dexterity (+2).
   rPois:     It protects you from poison rN+: It protects you from negative
   energy.
   Will+:     It increases your willpower.
 U - the ring "Iseun" {rF+ Slay+3}
   (You bought it in a shop on level 2 of the Elven Halls)

   [ring of protection from fire]

   Slay+3:    It affects your accuracy & damage with ranged weapons and melee
   (+3).
   rF+:       It protects you from fire.
 V - an amulet of reflection (around neck)
Wands
 f - a wand of flame (7)
 D - a wand of paralysis (80)
 K - a wand of iceblast (83)
 S - a wand of mindburst (44)
 T - a wand of light (30)
 W - a wand of digging (14)
 X - a wand of polymorph (20)
Scrolls
 d - 8 scrolls of blinking {!r}
 l - 4 scrolls of fog {!r}
 r - 3 scrolls of brand weapon {!r}
 x - 12 scrolls of fear {!r}
 F - a scroll of revelation {!r}
 L - 8 scrolls of vulnerability {!r}
 M - 24 scrolls of teleportation {!r}
 R - 10 scrolls of poison {!r}
Potions
 e - 3 potions of haste
 g - 5 potions of ambrosia
 j - 9 potions of enlightenment
 k - 6 potions of magic
 n - 26 potions of curing
 o - 7 potions of heal wounds
 p - 9 potions of lignification
 t - 4 potions of resistance
 y - 3 potions of invisibility
 A - a potion of cancellation
 B - 10 potions of mutation
 H - 14 potions of might {@q3}
Miscellaneous
 u - a sack of spiders
 v - a condenser vane
 Q - a phantom mirror
 Z - a lightning rod (4/4)


   Skills:
 O Level 27 Fighting
 - Level 13.9(16.0) Maces & Flails
 - Level 12.9(15.4) Staves
 - Level 18.0 Ranged Weapons
 + Level 16.6 Armour
 + Level 16.6 Dodging
 + Level 13.5 Stealth
 - Level 1.0 Spellcasting
 - Level 1.2 Alchemy
 - Level 1.0 Invocations
 + Level 20.7 Evocations


You had 28 spell levels left.
You didn't know any spells.
Your spell library contained the following spells:

 Spells                   Type           Power      Damage    Failure   Level
 Mercury Vapours          Alch/Air       2%         N/A       43%         2
 Passwall                 Alch/Erth      0%         N/A       43%         2
 Blink                    Tloc           0%         N/A       52%         2
 Lesser Beckoning         Tloc           0%         N/A       52%         2
 Momentum Strike          Conj/Tloc      0%         3d8       52%         2
 Sublimation of Blood     Necr           0%         N/A       52%         2
 Mephitic Cloud           Conj/Alch/Air  1%         N/A       71%         3
 Volatile Blastmotes      Fire/Tloc      0%         2d10      75%         3
 Fulminant Prism          Conj/Alch      0%         3d5       97%         4
 Petrify                  Alch/Erth      1%         N/A       97%         4
 Iskenderun's Mystic Bla  Conj/Tloc      0%         2d3       98%         4
 Passage of Golubria      Tloc           0%         N/A       98%         4
 Freezing Cloud           Conj/Ice/Air   0%         6-21      100%        5
 Irradiate                Conj/Alch      0%         3d11      100%        5
 Silence                  Hex/Air        0%         N/A       100%        5
 Lehudib's Crystal Spear  Conj/Erth      0%         10d2      100%        8


Dungeon Overview and Level Annotations

Branches:
Dungeon (15/15)            Temple (0/1) D:4            Lair (5/5) D:8
  Swamp (4/4) Lair:2       Spider (4/4) Lair:2        Slime (0/5) Lair:4
    Orc (2/2) D:9             Elf (3/3) Orc:2        Vaults (5/5) D:13
  Crypt (3/3) Vaults:2       Tomb (0/3) Crypt:3      Depths (4/4) D:15
    Zot (5/5) Depths:4     Bailey (visited)           IceCv (visited)
Desolation (visited)      Gauntlet (visited)

Altars:
Cheibriados
Dithmenos
Elyvilon
Gozag
Kikubaaqudgha
Makhleb
Nemelex Xobeh
Ru
Trog
Uskayaw
Wu Jian
Yredelemnul
Zin
The Shining One
Jiyva

Shops:
D:1 :   D:5 =   D:7 (   D:8 [   Orc:1 (   Orc:2 *=*[   Elf:2 =   Elf:3 :(??
Vaults:3 (   Crypt:3 *   Depths:1 *   Depths:4 **=

Portals:
Hell: Depths:1 Depths:2 Depths:3 Depths:4
Abyss: Depths:3
Pandemonium: Orc:2 Depths:1 Depths:2
Ziggurat: Depths:2

Annotations:
D:11 1 runed translucent door, inmateoo's ghost, adept MiFi
D:13 1 runed translucent door, Deit's ghost, journeyman MiBe
Lair:4 1 runed translucent door
Elf:2 3 runed translucent doors, exclusion: 3 doors


Innate Abilities, Weirdness & Mutations

Your serpentine skin is tough. (AC +9)
You have supernaturally acute eyesight. (SInv)
Armour fits poorly on your strangely shaped body.
Your system is resistant to poisons. (rPois)
You cover ground very slowly.
You can spit poison.
You can use your snake-like lower body to constrict enemies.
You occasionally shout uncontrollably at your foes.
You occasionally lose the ability to read scrolls when taking damage.


Message History

You climb upwards.
There is a stone staircase leading down here.
A red devil comes into view.
It is wielding a +2 demon trident of venom.
The red devil completely misses you.
You open the red devil like a pillowcase!!!!
You kill the red devil!
Trog accepts your kill.
What level of the Dungeon? (default 1, ? - help)
There is a stone staircase leading up here.
You see here a +2 demon trident of venom.
You climb upwards.
There is a stone staircase leading down, spattered with blood here.
An Orb Guardian comes into view.
The Orb Guardian hits you but does no damage.
You closely miss the Orb Guardian. The Orb Guardian misses you.
The Orb Guardian hits you but does no damage.
You carve the Orb Guardian like a ham!!!!
You kill the Orb Guardian!
Trog accepts your kill.
There is a stone staircase leading up here.
What level of the Dungeon? (default 1, ? - help) HP restored.
You climb upwards.
There is a stone staircase leading down, spattered with blood here.
Things that are here:
a +0 club; a stone
There is a stone staircase leading up here.
You climb upwards.
There is a stone staircase leading down, spattered with blood here.
Things that are here:
a +0 dagger; a +0 flail You enter the shallow water.
There is a stone staircase leading up here.
You climb upwards.
There is a stone staircase leading down here.
You see here a +0 short sword.
There is an escape hatch in the floor here.
There is a staircase leading out of the dungeon here.
Unknown command.
You have escaped!

·▒·▒ ▒····+····················
·▒·▒ ▒····▒▒▒▒▒▒▒▒▒▒▒▒▒▒▒▒·····
·▒·▒▒▒ ▒····▒▒·········▒▒▒▒▒···)·
·▒···▒ ▒····▒▒·▒·▒»▒·▒·▒·········
·'···▒▒▒▒▒▒+▒▒▒▒·▒·▒▒▒·▒·▒·▒▒▒·····
·▒········▒·▒ ▒···‰▒‰···▒·▒ ▒▒▒▒▒▒
·'········'·▒ ▒···▒▒▒···▒·▒ ▒
▒▒········▒▒▒ ▒·▒▒▒ ▒▒▒·▒·▒▒▒▒▒▒▒▒
▒···[····▒ ▒·@▒▒ ▒▒·▒·········
▒▒·▒▒·····▒ ▒▒▒·▒·▒ ▒▒»·▒·▒▒▒▒····
··········▒▒▒▒···»▒▒ ▒·▒·····▒··▒▒▒
···▒▒▒▒▒▒·▒····▒·▒▒ ▒▒····▒···▒▒▒▒
···▒ ▒·▒·▒▒▒▒·▒▒▒ ▒▒▒·▒·▒··▒▒▒··
▒▒·▒ ▒▒▒▒+▒·▒ ▒···▒▒▒···▒·▒·▒▒ ▒·▒
▒·▒▒▒······▒ ▒····▒····▒·▒·▒ ▒·▒
▒··········▒ ▒·▒·▒▒▒·▒·▒···▒ ▒··
▒▒▒▒▒·······▒ ▒·▒)▒»▒·▒·▒·▒·▒ ▒▒▒


There were no monsters in sight!

Vanquished Creatures
  3 orbs of fire
  3 ancient liches
  8 dread liches
  Mennas (Vaults:2)
  Mara (D:15)
  A juggernaut (Depths:3)
  Xtahua (Depths:4)
  2 pandemonium lords
  The ghost of Gith the Severer, a veteran MeFi of Okawaru (Crypt:2)
  4 Killer Klowns (Zot:5)
  A curse toe (Zot:5)
  A caustic shrike (Depths:3)
  13 golden dragons
  A bone dragon (Vaults:2)
  Arachne (Spider:4)
  A Tzitzimitl (Zot:5)
  6 electric golems
  Jorgrun (Orc:2)
  A deep elf blademaster (Elf:3)
  21 tentacled monstrosities
  29 Orb Guardians
  4 quicksilver dragons
  4 titans
  Asterion (Elf:1)
  A walking frostbound tome (Depths:4)
  6 liches
  Frances (Spider:1)
  8 ancient champions
  14 sphinxes
  11 death cobs
  A thorn hunter (Swamp:4)
  Kirke (D:15)
  6 tengu reavers
  4 draconian monks
  Roxanne (Spider:4)
  Aizul (Swamp:4)
  12 storm dragons
  2 protean progenitors (Zot:4)
  3 emperor scorpions
  Donald (Spider:2)
  9 shadow dragons
  6 draconian knights
  Louise (D:14)
  6 deep elf sorcerers
  8 frost giants
  12 fire giants
  13 vault wardens
  2 imperial myrmidons (Desolation)
  5 draconian shifters
  A caustic shrike zombie (Crypt:3)
  10 ghost moths
  2 draconian stormcallers
  A draconian scorcher (Zot:2)
  2 balrugs
  2 curse skulls (Crypt:1)
  2 iron dragons (Depths:3)
  An orc warlord (Orc:1)
  2 deep elf elementalists (Elf:3)
  2 spriggan defenders
  5 draconian annihilators
  3 quicksilver oozes
  4 reapers
  6 ghouls
  16 stone giants
  16 ironbound preservers
  A juggernaut zombie (Crypt:3)
  3 broodmothers
  2 war gargoyles
  16 very ugly things
  4 formless jellyfish
  11 ironbound thunderhulks
  22 vampire knights
  4 green draconians
  3 eleionomae
  A lorocyproca (Depths:1)
  5 deep elf demonologists
  8 deep elf annihilators (Elf:3)
  14 deep elf death magi
  2 halazid warlocks (Desolation)
  2 spectral hellephants (Crypt:2)
  14 dire elephants
  8 purple draconians
  6 black draconians
  7 white draconians
  2 bunyips
  A minotaur (Gauntlet)
  13 spark wasps
  4 red draconians
  4 yellow draconians
  7 ettins
  2 spectral elves (Crypt:2)
  7 eidola
  2 crystal guardians
  2 shambling mangroves
  19 jiangshi
  Snorg (Lair:5)
  14 fire dragons
  Josephine (Lair:4)
  8 deep elf high priests
  5 entropy weavers
  4 servants of whispers (Desolation)
  6 ragged hierophants (Desolation)
  A spriggan zombie (Crypt:3)
  11 great orbs of eyes
  17 yaktaur captains
  6 spriggan air magi
  6 rakshasas
  4 catoblepae
  A spectral shadow dragon (Crypt:2)
  30 vault guards
  2 demonspawn (Orc:2)
  A ghost crab (Swamp:2)
  7 jorogumos
  A radroach (Spider:1)
  8 centaur warriors
  11 ice dragons
  11 peacekeepers
  Erica (Lair:1)
  8 alligators
  8 ironbound frosthearts
  8 boulder beetles
  14 hydras
  2 death knights
  A two-headed ogre (shapeshifter) (Elf:3)
  A tengu warrior (Depths:3)
  An Orb Guardian skeleton (Crypt:1)
  A two-headed ogre (D:12)
  A quicksilver ooze zombie (Crypt:2)
  6 orc high priests (Orc:2)
  7 deep troll shamans
  8 deep troll earth magi
  6 demonic crawlers
  7 spriggan berserkers
  11 vampire magi
  23 dancing weapons
  2 occultists
  A shock serpent (shapeshifter) (Elf:3)
  A soul eater (D:11)
  3 sun demons
  12 hell knights
  A salamander mystic (Depths:2)
  A bunyip zombie (Crypt:3)
  4 skysharks
  13 deep elf knights
  5 pharaoh ants
  A sixfirhy (Depths:1)
  55 deep trolls
  A shadow wraith (Crypt:2)
  A death drake (Swamp:4)
  2 iron trolls
  41 skeletal warriors
  A sea snake (shapeshifter) (Elf:1)
  6 goliath frogs
  2 glowing orange brains
  6 spriggan druids
  20 swamp dragons
  8 flayed ghosts
  Pikel (D:4)
  12 orb spiders
  4 orc knights
  13 deep elf archers
  18 ironbound convokers
  23 deep elf zephyrmancers
  2 obsidian statues
  13 lindwurms
  26 phantasmal warriors
  4 steelbarb worms
  4 bog bodies
  3 oklob plants
  8 necromancers
  23 deep elf pyromancers
  17 wolf spiders
  22 ugly things
  4 salamanders
  4 arcanists
  3 manticores
  A sphinx simulacrum (Vaults:4)
  9 orc sorcerers
  2 shining eyes (shapeshifter)
  14 will-o-the-wisps
  6 cyclopes
  A shadow dragon skeleton (Crypt:3)
  7 elephants
  A jorogumo skeleton (Crypt:1)
  A worldbinder (Gauntlet)
  21 vault sentinels
  An elephant (shapeshifter) (Vaults:3)
  3 guardian serpents
  A human skeleton (Vaults:4)
  22 moths of wrath
  2 black mambas (shapeshifter)
  3 black mambas
  A guardian serpent (shapeshifter) (Vaults:5)
  A torpor snail (Spider:2)
  A molten gargoyle (Desolation)
  7 kobold blastminers
  An ice statue (IceCv)
  A water nymph (shapeshifter) (Depths:4)
  4 smoke demons
  A torpor snail (shapeshifter) (Elf:2)
  5 gargoyles
  2 hellions
  11 cane toads
  A catoblepas zombie (Crypt:3)
  Maggie (Lair:1)
  An unseen horror (D:12)
  2 freezing wraiths
  A cane toad (shapeshifter) (Depths:2)
  4 rime drakes
  48 yaktaurs
  An efreet (D:15)
  9 komodo dragons
  3 harpy zombies (Crypt:3)
  A tormentor (Depths:1)
  4 ice devils
  A black draconian skeleton (Crypt:2)
  5 tengu conjurers
  7 polar bears
  A hydra zombie (Crypt:3)
  2 red devils
  3 meliai (Spider:4)
  A merfolk (shapeshifter) (Depths:4)
  8 trolls
  3 bloated husks
  A troll (shapeshifter) (Vaults:5)
  6 glass eyes
  4 hellwings
  7 tyrant leeches
  25 hornets
  44 tarantellas
  40 saltlings
  15 blink frogs
  23 slime creatures
  3 dream sheep
  An ice dragon zombie (Crypt:2)
  A black mamba zombie (Crypt:1)
  2 centaur simulacra (Gauntlet)
  20 culicivoras
  35 jumping spiders
  13 flying skulls
  24 spriggans
  18 wraiths
  2 air elementals
  4 shadows
  Eustachio (D:4)
  67 yaks
  A vampire (D:12)
  8 wyverns
  A slime creature zombie (Crypt:2)
  2 basilisks
  A golden eye (Lair:5)
  2 fire elementals (Elf:1)
  A hog (D:15)
  A human (shapeshifter) (D:13)
  2 steam dragons
  58 redbacks
  3 death yak simulacra (IceCv)
  A warg (Orc:1)
  22 swamp worms
  13 vampire mosquitoes
  A swamp worm (shapeshifter) (Elf:3)
  Edmund (D:3)
  3 acid dragons
  4 hell hounds (D:15)
  2 ogre skeletons
  3 hydra simulacra (IceCv)
  17 swamp drakes
  A two-headed ogre skeleton (Crypt:3)
  A faun skeleton (Crypt:3)
  5 ice beasts
  14 water moccasins
  30 orc warriors
  An ice dragon simulacrum (Gauntlet)
  5 black bears
  An ogre (Orc:1)
  54 wolves
  7 boggarts
  An elephant skeleton (Crypt:2)
  17 centaurs
  A phantom (D:5)
  A salamander zombie (Crypt:2)
  9 kobold brigands
  A rime drake skeleton (Crypt:3)
  12 bullfrogs
  Blork the orc (D:6)
  7 two-headed ogre simulacra (IceCv)
  A gnoll sergeant (D:8)
  3 scorpions
  2 earth elementals (Elf:1)
  2 cane toad simulacra (IceCv)
  5 necrophages
  A salamander skeleton (Crypt:2)
  3 wights (D:9)
  An elephant simulacrum (IceCv)
  4 killer bees
  An electric eel (Lair:1)
  A howler monkey (D:12)
  A lava snake (Swamp:4)
  5 hounds
  3 jellies
  31 orc priests
  Terence (D:2)
  A scorpion zombie (Crypt:1)
  A sleepcap (D:7)
  A gnoll bouda (D:8)
  6 iguanas
  19 orc wizards
  3 spriggan simulacra (IceCv)
  A boggart zombie (Crypt:2)
  6 troll simulacra (IceCv)
  2 wolf simulacra (IceCv)
  An ogre zombie (Crypt:1)
  A sky beast zombie (Crypt:1)
  A hound skeleton (Crypt:3)
  Robin (D:3)
  4 gnolls
  5 adders
  2 naga simulacra (IceCv)
  A bombardier beetle (D:6)
  13 white imps
  16 ufetubi
  An iguana skeleton (Crypt:2)
  A worm (D:2)
  2 dart slugs
  60 orcs
  9 ball pythons
  5 bats
  5 endoplasms
  4 giant cockroaches
  19 goblins
  7 hobgoblins
  8 jackals
  22 kobolds
  4 quokkas
  3 frilled lizards
  A hobgoblin skeleton (Crypt:1)
  A hobgoblin zombie (Crypt:1)
  11 rats
  A river rat skeleton (Crypt:1)
  An aspiring flesh (Zot:4)
2401 creatures vanquished.

Vanquished Creatures (collateral kills)
  Rupert (D:15)
  A storm dragon (Depths:4)
  A vault warden (Vaults:2)
  2 dire elephants (Vaults:1)
  A deep troll (Depths:4)
  A goliath frog (Zot:4)
  10 slime creatures (Vaults:1)
17 creatures vanquished.

Vanquished Creatures (others)
  A deep elf elementalist (Elf:3)
  A green death (Depths:1)
  A deep elf knight (Elf:1)
  A sixfirhy (Depths:1)
  2 moths of wrath (Zot:2)
  A smoke demon (Depths:1)
  A vampire (D:12)
  2 humans (D:15)
  A swamp worm (Swamp:4)
  A swamp drake (Swamp:4)
  A lemure (D:4)
  A butterfly (D:15)
  16 foxfires
30 creatures vanquished.

Grand Total: 2448 creatures vanquished

Notes
Turn   | Place    | Note
-------+----------+-------------------------------------------
     0 | D:1      | PanSaczeczos the Naga Wanderer began the quest for the Orb.
     0 | D:1      | PanSaczeczos set off with the following items: a +1 dagger,
                  | 2 atropa-tipped darts, a datura-tipped dart, a scroll of
                  | blinking {!r}, a +0 leather armour; and the following
                  | spells available to memorise: Mercury Vapours, Passwall.
     0 | D:1      | Reached XP level 1. HP: 19/19 MP: 2/2
   138 | D:1      | Reached XP level 2. HP: 27/27 MP: 3/3
   171 | D:1      | Found Peusm's Book Boutique.
   298 | D:1      | Reached skill level 3 in Fighting
   907 | D:2      | Reached XP level 3. HP: 34/34 MP: 4/4
  1131 | D:2      | Noticed Terence
  1148 | D:2      | Killed Terence
  1149 | D:2      | Reached skill level 4 in Fighting
  1149 | D:2      | Reached XP level 4. HP: 31/44 MP: 5/5
  2168 | D:3      | Reached XP level 5. HP: 51/51 MP: 6/6
  2232 | D:3      | Found a faded altar of an unknown god.
  2232 | D:3      | Found a bloodstained altar of Trog.
  2237 | D:3      | Found a white marble altar of Elyvilon.
  2262 | D:3      | Found a sparkling altar of Nemelex Xobeh.
  2264 | D:3      | Found a faded altar of an unknown god.
  2426 | D:3      | Found a basalt altar of Yredelemnul.
  2460 | D:3      | Reached skill level 5 in Fighting
  2489 | D:3      | Found a faded altar of an unknown god.
  2596 | D:3      | Identified the +1 robe of the Threshing Gods {Int+3 Dex+6}
  2843 | D:3      | Became a worshipper of Trog the Wrathful
  2861 | D:4      | Noticed Edmund
  2897 | D:4      | Noticed a black bear
  2986 | D:4      | Noticed Robin
  3023 | D:3      | Killed Robin
  3072 | D:4      | Noticed a steam dragon
  3079 | D:5      | Entered Level 5 of the Dungeon
  3110 | D:5      | Noticed Pikel
  3112 | D:5      | Noticed a lemure
  3112 | D:5      | Noticed a lemure
  3116 | D:5      | Noticed a lemure
  3137 | D:4      | Found a staircase to the Ecumenical Temple.
  3228 | D:4      | Reached XP level 6. HP: 62/62 MP: 7/7
  3286 | D:4      | Found a shadowy altar of Dithmenos.
  3341 | D:4      | Reached skill level 6 in Fighting
  3396 | D:4      | Noticed Eustachio
  3507 | D:4      | Killed Eustachio
  3912 | D:4      | Reached skill level 7 in Fighting
  3955 | D:4      | Reached XP level 7. HP: 63/72 MP: 8/8
  4039 | D:3      | Killed Edmund
  4071 | D:4      | Reached * piety under Trog
  4113 | D:4      | Reached skill level 8 in Fighting
  4343 | D:4      | Killed Pikel
  4344 | D:4      | Reached skill level 10 in Fighting
  4344 | D:4      | Reached XP level 8. HP: 41/86 MP: 9/9
  4732 | D:5      | Found Vuumey's Jewellery Boutique.
  4785 | D:5      | Identified a scroll of acquirement {!r}
  4786 | D:5      | Acquired the +6 lightning scales {swift, rElec}
  4786 | D:5      | Found the +6 lightning scales {swift, rElec}
  4980 | D:6      | Found a burning altar of Makhleb.
  5256 | D:6      | Reached skill level 11 in Fighting
  5270 | D:6      | Reached XP level 9. HP: 62/97 MP: 10/10
  5445 | D:6      | Noticed Blork the orc
  5456 | D:6      | Killed Blork the orc
  5457 | D:6      | Reached skill level 1 in Maces & Flails
  5567 | D:6      | Reached ** piety under Trog
  5872 | D:7      | Found Afaugol's Antique Weapon Emporium.
  5876 | D:7      | Bought a scorched arbalest for 228 gold pieces
  5876 | D:7      | Identified the +7 arbalest of Ceri {speed, rF+ Will+} (You
                  | bought it in a shop on level 7 of the Dungeon)
  6175 | D:7      | Found a sacrificial altar of Ru.
  6299 | D:7      | Reached skill level 1 in Ranged Weapons
  6447 | D:6      | Noticed a blizzard demon
  6484 | D:8      | Noticed a rime drake
  6549 | D:7      | Reached skill level 12 in Fighting
  6724 | D:8      | Killed a rime drake
  6807 | D:8      | Found a staircase to the Lair.
  6820 | D:8      | Reached skill level 5 in Ranged Weapons
  6886 | D:8      | Found a snail-covered altar of Cheibriados.
  6888 | D:8      | Found Cheibriados's Comfort Zone.
  6939 | D:8      | Reached XP level 10. HP: 106/106 MP: 11/11
  6967 | D:8      | Found a glowing golden altar of the Shining One.
  7054 | D:8      | Reached skill level 1 in Evocations
  7307 | D:8      | Noticed a manticore
  7358 | D:8      | Killed a manticore
  7825 | D:9      | Found a flagged portal.
  7832 | Bailey   | Entered a bailey
  7840 | Bailey   | Reached *** piety under Trog
  8136 | Bailey   | Found a bloodstained altar of Trog.
  8253 | Lair:1   | Entered Level 1 of the Lair of Beasts
  8257 | Lair:1   | Noticed a cane toad
  8261 | Lair:1   | Noticed Maggie
  8271 | D:8      | Killed a cane toad
  8281 | Lair:1   | Killed Maggie
  8282 | Lair:1   | Reached XP level 11. HP: 105/115 MP: 12/12
  8299 | Lair:1   | Noticed Erica
  8306 | Lair:1   | Killed Erica
  8307 | Lair:1   | Reached skill level 5 in Maces & Flails
  8934 | Lair:2   | Reached skill level 13 in Fighting
  8990 | Lair:2   | Reached skill level 1 in Staves
  9193 | Lair:2   | Noticed a skyshark
  9226 | Lair:2   | Noticed an oklob plant
  9229 | Lair:2   | Noticed a catoblepas
  9281 | Lair:2   | Killed a catoblepas
  9350 | Lair:2   | Reached **** piety under Trog
  9570 | Lair:2   | Reached skill level 5 in Staves
  9573 | Lair:2   | Reached XP level 12. HP: 115/126 MP: 13/13
  9620 | Lair:2   | Found a hole to the Spider Nest.
 10047 | Lair:2   | Found a staircase to the Swamp.
 10047 | Lair:2   | Noticed an eleionoma
 10141 | Lair:3   | Noticed a four-headed hydra
 10537 | Lair:3   | Reached skill level 10 in Ranged Weapons
 10614 | Lair:3   | Killed a four-headed hydra
 10615 | Lair:3   | Reached skill level 5 in Stealth
 10615 | Lair:3   | Reached ***** piety under Trog
 11160 | Lair:3   | Reached skill level 5 in Armour
 11336 | Lair:4   | Noticed Nessos
 11401 | Lair:4   | Noticed Josephine
 11570 | Lair:4   | Found a runed translucent door.
 11571 | Lair:4   | Found a viscous altar of Jiyva.
 11572 | Lair:4   | Noticed an acid blob
 11573 | Lair:4   | Found a staircase to the Slime Pits.
 11573 | Lair:4   | Noticed an acid blob
 11625 | Lair:4   | Gained mutation: You can use your snake-like lower body to
                  | constrict enemies. [Naga growth]
 11625 | Lair:4   | Reached XP level 13. HP: 124/133 MP: 14/14
 11844 | Lair:4   | Killed Josephine
 11964 | Lair:4   | Nessos changed into Nessos the dream sheep
 11964 | Lair:4   | Noticed Nessos
 11967 | Lair:4   | Killed Nessos the dream sheep
 12109 | Lair:4   | Received a gift from Trog
 12475 | Lair:5   | Entered Level 5 of the Lair of Beasts
 12635 | Lair:4   | Reached skill level 14 in Fighting
 12652 | Lair:4   | Reached skill level 5 in Evocations
 12913 | Lair:5   | Identified the +2 ring mail of Time Monsters {Str+3 Dex+3}
 12958 | Lair:5   | Identified the +11 dagger "Ila Zabb" {protect, Will+}
 13032 | Lair:5   | Noticed Snorg
 13055 | Lair:5   | Killed Snorg
 13093 | Lair:5   | Found a frozen archway.
 13130 | IceCv    | Entered an ice cave
 13740 | IceCv    | Noticed a reaper
 13917 | IceCv    | Received a gift from Trog
 14072 | IceCv    | Killed a reaper
 14073 | IceCv    | Reached skill level 15 in Fighting
 14073 | IceCv    | Reached XP level 14. HP: 147/147 MP: 15/15
 14920 | Lair:5   | Received a gift from Trog
 15899 | D:9      | Found a staircase to the Orcish Mines.
 16044 | Orc:1    | Entered Level 1 of the Orcish Mines
 16132 | Orc:1    | Found Udeydu Qoyre's Weapon Emporium.
 16268 | Orc:2    | Entered Level 2 of the Orcish Mines
 16397 | Orc:2    | Noticed an orc warlord
 16397 | Orc:2    | Found a staircase to the Elven Halls.
 16400 | Orc:2    | Paralysed by an orc sorcerer for 3 turns
 16418 | Orc:1    | Killed an orc warlord
 16664 | Orc:2    | Received a gift from Trog
 16845 | Orc:2    | Found Legau's General Store.
 16849 | Orc:2    | Found Xevolaif's General Store.
 17132 | Orc:2    | Reached XP level 15. HP: 156/156 MP: 16/16
 17298 | Orc:2    | Reached skill level 16 in Fighting
 17573 | Orc:2    | Found Buokeotz's Jewellery Emporium.
 17573 | Orc:2    | Found Codienk's Antique Armour Shoppe.
 17574 | Orc:2    | Found a one-way gate leading to the halls of Pandemonium.
 17935 | Orc:1    | Noticed Jorgrun
 17949 | Orc:2    | Killed Jorgrun
 18268 | D:10     | Entered Level 10 of the Dungeon
 18315 | D:10     | Received a gift from Trog
 19570 | D:11     | Found a runed translucent door.
 19572 | D:11     | Noticed inmateoo's ghost (adept MiFi)
 20980 | D:12     | Reached skill level 5 in Dodging
 21022 | D:12     | Reached ****** piety under Trog
 21222 | D:13     | Identified the +9 quarterstaff "Famonn" {heavy, rF+ rCorr
                  | Dex-4} (Trog gifted it to you on level 13 of the Dungeon)
 21222 | D:13     | Received a gift from Trog
 21263 | D:13     | Found a runed translucent door.
 21263 | D:13     | Noticed Deit's ghost (journeyman MiBe)
 21923 | D:13     | Found a gate to the Vaults.
 22215 | D:14     | Noticed Louise
 22433 | D:14     | Found a gate leading to a gauntlet.
 22439 | Gauntlet | Entered a Gauntlet
 22439 | Gauntlet | Found a transporter.
 22439 | Gauntlet | Found a transporter.
 22447 | Gauntlet | Found a transporter.
 22451 | Gauntlet | Found a transporter.
 22455 | Gauntlet | Found a runed translucent door.
 22455 | Gauntlet | Found a runed translucent door.
 22459 | Gauntlet | Found a transporter.
 22463 | Gauntlet | Found a transporter.
 22471 | Gauntlet | Found a transporter.
 22488 | Gauntlet | Found a transporter.
 22502 | Gauntlet | Found a transporter.
 22506 | Gauntlet | Found a transporter.
 22514 | Gauntlet | Found a transporter.
 22518 | Gauntlet | Found a transporter.
 22567 | Gauntlet | Reached XP level 16. HP: 144/166 MP: 17/17
 22667 | Gauntlet | Identified the ring of Qoogois {Fly rElec rPois}
 22683 | Gauntlet | Identified the +5 dire flail of Rizexual {chaos, Str+3}
 23053 | D:14     | Identified the +5 trident "Gihaeqi Zuci" {freeze, Dex+4}
 23142 | D:14     | Identified the amulet "Irghullae" {Faith rC- Int+6}
 23495 | D:14     | Killed Louise
 23544 | D:15     | Entered Level 15 of the Dungeon
 23754 | D:15     | Found a white marble altar of Elyvilon.
 23887 | D:15     | Noticed Kirke
 23894 | D:15     | Killed Kirke
 24313 | D:15     | Noticed Rupert
 24321 | D:15     | Killed Rupert
 24589 | D:15     | Found a staircase to the Depths.
 24885 | Spider:1 | Entered Level 1 of the Spider Nest
 24947 | Spider:1 | Reached skill level 17 in Fighting
 24947 | Spider:1 | Reached skill level 10 in Staves
 25298 | Spider:1 | Received a gift from Trog
 25307 | Spider:1 | Reached XP level 17. HP: 176/176 MP: 18/18
 25367 | Spider:1 | Reached skill level 10 in Evocations
 25602 | Spider:1 | Noticed Frances
 25618 | Spider:1 | Killed Frances
 26763 | Spider:2 | Noticed Donald
 26769 | Spider:2 | Killed Donald
 27474 | Spider:2 | Reached XP level 18. HP: 152/186 MP: 19/19
 27600 | Spider:2 | Reached skill level 15 in Ranged Weapons
 28768 | Spider:2 | Reached skill level 18 in Fighting
 30241 | Spider:4 | Entered Level 4 of the Spider Nest
 30274 | Spider:3 | Received a gift from Trog
 30566 | Spider:4 | Noticed Roxanne
 31206 | Spider:4 | Noticed Arachne
 32223 | Spider:4 | Paralysed by a jorogumo for 2 turns
 32365 | Spider:4 | HP: 43/188 [Arachne/staff of alchemy (7)]
 32370 | Spider:4 | Killed Arachne
 32441 | Spider:4 | HP: 46/189 [poisoned by a redback]
 32446 | Spider:4 | HP: 29/189 [poisoned by a redback]
 32451 | Spider:4 | HP: 25/189 [poisoned by a redback]
 33206 | Spider:4 | Got a gossamer rune of Zot
 33344 | Spider:4 | Received a gift from Trog
 33645 | Spider:4 | Killed Roxanne
 34791 | Lair:2   | Found a staircase to the Swamp.
 34927 | Swamp:1  | Entered Level 1 of the Swamp
 35062 | Swamp:1  | Reached XP level 19. HP: 179/198 MP: 20/20
 35158 | Swamp:1  | Reached skill level 19 in Fighting
 35730 | Swamp:1  | Received a gift from Trog
 36633 | Swamp:3  | Reached skill level 10 in Armour
 37607 | Swamp:3  | Identified the +7 rapier of the Forsaken Tales {flame,
                  | rPois Dex+3 Stlth+}
 37828 | Swamp:4  | Entered Level 4 of the Swamp
 37848 | Swamp:4  | Identified the serpent talisman of Life {Will+}
 37848 | Swamp:4  | Noticed Aizul
 37861 | Swamp:4  | Killed Aizul
 37861 | Swamp:4  | Received a gift from Trog
 38605 | Swamp:4  | Noticed a tentacled monstrosity
 38609 | Swamp:4  | Killed a tentacled monstrosity
 38648 | Swamp:4  | Noticed a tentacled monstrosity
 38657 | Swamp:4  | Killed a tentacled monstrosity
 39481 | Swamp:4  | Reached XP level 20. HP: 211/211 MP: 21/21
 40133 | Elf:1    | Entered Level 1 of the Elven Halls
 40154 | Elf:1    | Reached skill level 20 in Fighting
 40429 | Orc:2    | Received a gift from Trog
 42040 | Elf:1    | Paralysed by an air elemental for 1 turns
 42042 | Elf:1    | Paralysed by an air elemental for 1 turns
 42081 | Elf:1    | Noticed Asterion
 42097 | Elf:1    | Killed Asterion
 42097 | Elf:1    | Received a gift from Trog
 43242 | Elf:2    | Found Makirph's Jewellery Shoppe.
 43245 | Elf:2    | Identified the +7 sling of Damoly {antimagic, rC+ Dex+3
                  | Stlth+}
 43405 | Elf:2    | Paralysed by an air elemental for 1 turns
 43412 | Elf:2    | Paralysed by an air elemental for 1 turns
 43827 | Elf:2    | Found a runed translucent gate.
 43828 | Elf:2    | Found a runed translucent gate.
 43828 | Elf:2    | Found a runed translucent gate.
 43851 | Elf:3    | Entered Level 3 of the Elven Halls
 44299 | Elf:3    | Found Yhioxkevus's Magic Scroll Emporium.
 44321 | Elf:3    | Bought a scroll of acquirement for 676 gold pieces
 44321 | Elf:3    | Acquired the +6 arbalest "Damnation" {damnation}
 44321 | Elf:3    | Found the +6 arbalest "Damnation" {damnation}
 44539 | Elf:3    | Received a gift from Trog
 45211 | Elf:3    | Found Kocwecao's Magic Scroll Shoppe.
 45465 | Elf:3    | Found Muiwk's Book Shoppe.
 45523 | Elf:2    | Bought the ring "Iseun" {rF+ Slay+3} for 535 gold pieces
 45938 | Elf:3    | Identified the +10 scale mail "Poejoep" {Str+2}
 46193 | Elf:3    | Reached XP level 21. HP: 217/219 MP: 22/22
 46289 | Elf:3    | Identified the +6 executioner's axe of Incongruity {freeze,
                  | rN+}
 46289 | Elf:3    | Identified the ring "Ritzode" {Wiz ^Contam rN+ rCorr SInv}
 47045 | Elf:3    | Identified the +7 trident "Dexorch" {protect, *Noise Int+3
                  | Dex+3}
 47045 | Elf:3    | Identified the +1 robe of Insecurity {+Inv Str+3}
 47057 | Elf:3    | Received a gift from Trog
 47081 | Elf:3    | Identified the +5 plate armour "Fiarac" {rN+}
 47401 | Elf:3    | Identified the staff of the Furious {rElec Str+2 Air}
 47408 | Elf:3    | Identified the staff "Acoarch" {*Corrode rElec rF+ Conj Air
                  | Earth}
 47563 | Elf:3    | Found Edgheajiu's Weapon Emporium.
 48124 | Vaults:1 | Entered Level 1 of the Vaults
 48327 | Vaults:1 | Found a crumbling gateway.
 48411 | Desolati | Entered the Desolation of Salt
 48750 | Desolati | Received a gift from Trog
 48904 | Desolati | Identified the +4 scimitar "Vorijowk" {freeze, Will+ rCorr
                  | Stlth+}
 49388 | Desolati | Identified the ring "Nizeigy" {AC+4 Int+3}
 49452 | Desolati | Identified the +2 sling "Undertaker" {freeze, rC+ Str+3}
 49452 | Desolati | Identified the ring of Suspicion {Fly rElec Will- MP+9}
 49469 | Desolati | Identified the amulet of Kumu {Acrobat Dex+6}
 49682 | Desolati | Identified the ring of Kiclafex {^Contam rPois rC++ Int+4}
 49687 | Desolati | Identified the +1 ring mail of Lesser Demons {Stlth+}
 49875 | Vaults:1 | Found a runed translucent door.
 50891 | Vaults:1 | Received a gift from Trog
 51849 | Vaults:1 | Identified the +2 mace of Contention {elec, rElec Int+3}
 52156 | Vaults:1 | Identified the ring of Rutzaj {rElec rF- rC+ Int+6}
 52197 | Vaults:1 | Reached XP level 22. HP: 205/230 MP: 23/23
 52989 | Vaults:2 | Reached skill level 10 in Dodging
 53089 | Vaults:2 | Received a gift from Trog
 53368 | Vaults:2 | Noticed Mennas
 53678 | Vaults:2 | Found a staircase to the Crypt.
 54024 | Vaults:2 | Killed Mennas
 54073 | Vaults:2 | Reached skill level 10 in Stealth
 54921 | Vaults:3 | Received a gift from Trog
 55162 | Vaults:3 | Reached skill level 21 in Fighting
 55625 | Vaults:3 | Paralysed by a formless jellyfish for 1 turns
 55701 | Vaults:3 | Found Ohacrawa's Antique Weapon Shoppe.
 56657 | Vaults:4 | Reached XP level 23. HP: 193/235 MP: 24/24
 56752 | Vaults:3 | Received a gift from Trog
 56841 | Vaults:4 | Identified the +1 robe of Youthful Indiscretion {Str+4}
 57083 | Vaults:4 | Paralysed by a formless jellyfish for 1 turns
 57818 | Vaults:4 | Received a gift from Trog
 58217 | Depths:1 | Entered Level 1 of the Depths
 58385 | Depths:1 | Noticed Mara
 58660 | Depths:1 | Noticed PanSaczeczos's illusion
 58685 | D:15     | Noticed PanSaczeczos's illusion
 58686 | D:15     | Killed Mara
 58833 | Depths:1 | Found a hide-covered altar of Uskayaw.
 58962 | Depths:1 | Reached skill level 10 in Maces & Flails
 59654 | Depths:1 | Found a gateway to Hell.
 59685 | Depths:1 | Found Byem's General Store.
 60241 | Depths:2 | Received a gift from Trog
 60390 | Depths:2 | Noticed a golden dragon
 60412 | Depths:2 | Killed a golden dragon
 60498 | Depths:2 | Noticed a golden dragon
 60513 | Depths:2 | Killed a golden dragon
 60522 | Depths:2 | Noticed a golden dragon
 60530 | Depths:2 | Killed a golden dragon
 60586 | Depths:2 | Identified the ring of Idid {rF+ rCorr Str+6 SInv}
 60759 | Depths:2 | Found a one-way gateway to a ziggurat.
 60780 | Depths:2 | Reached skill level 15 in Evocations
 61572 | Depths:3 | Found a one-way gate to the infinite horrors of the Abyss.
 61586 | Depths:3 | You fall into a shaft and drop 1 floor!
 61586 | Depths:4 | Entered Level 4 of the Depths
 61587 | Depths:4 | Noticed a golden dragon
 61677 | Depths:3 | Reached XP level 24. HP: 191/252 MP: 24/24
 62017 | Depths:3 | Received a gift from Trog
 62350 | Depths:3 | Noticed a caustic shrike
 62362 | Depths:3 | Killed a caustic shrike
 62433 | Depths:3 | Reached skill level 22 in Fighting
 62928 | Depths:3 | Found a glowing silver altar of Zin.
 63115 | Depths:3 | Noticed a juggernaut
 63125 | Depths:3 | Killed a juggernaut
 63717 | Depths:3 | Identified the ring of Bonippou {rElec rF+}
 63856 | Depths:3 | Found an ornate altar of the Wu Jian Council.
 63952 | Depths:3 | Identified the staff of Hepliaklqana, Howling {rPois rN+
                  | Alchemy}
 64095 | Depths:4 | Found Vuotoc's Jewellery Emporium.
 64137 | Depths:4 | Bought the ring of Wefowyst {rC+ Will+ Str+6} for 1223 gold
                  | pieces
 64239 | Depths:4 | Found a transporter.
 64359 | Depths:4 | Identified the ring "Gysinotu" {rElec rC- Dex+4 Slay+4}
 64699 | Depths:4 | Found Beat's General Store.
 64711 | Depths:4 | Identified the +5 mace "Vemidiy" {heavy, +Blink rPois
                  | Int+3}
 64766 | Depths:4 | Received a gift from Trog
 64860 | Depths:4 | Identified the ring "Rurual" {rC++ Will+ Dex-5 Slay+5 SInv}
 64878 | Depths:4 | Noticed Xtahua
 64889 | Depths:4 | Killed Xtahua
 65332 | Depths:4 | Reached skill level 15 in Armour
 65392 | Depths:4 | Found a gate to the Realm of Zot.
 65821 | Depths:4 | Identified the +5 trident "Bovyetix" {freeze, Will+}
 65998 | Depths:4 | Found a transporter.
 66002 | Depths:4 | Identified the ring "Lela" {rPois Str-4 Int+8 Dex+5}
 66036 | Depths:4 | Reached XP level 25. HP: 248/262 MP: 24/24
 66088 | Depths:4 | Found Dueptint's Assorted Antiques.
 66095 | Depths:4 | Acquired a +7 dire flail of holy wrath
 66097 | Depths:4 | Bought an ancient tin amulet for 210 gold pieces
 66097 | Depths:4 | Identified the amulet "Hahunwut" {Spirit rPois Str+3 Int+2}
                  | (You bought it in a shop on level 4 of the Depths)
 67120 | Crypt:1  | Entered Level 1 of the Crypt
 67183 | Crypt:1  | HP: 61/262 [??? (48)]
 67544 | Crypt:1  | Received a gift from Trog
 68089 | Crypt:1  | Reached skill level 23 in Fighting
 68196 | Crypt:1  | Identified the +4 great mace of Berematt {flame, rPois
                  | Str-4 Int+6}
 68960 | Crypt:2  | Received a gift from Trog
 69637 | Crypt:3  | Entered Level 3 of the Crypt
 70454 | Crypt:3  | Found a runed translucent gate.
 70454 | Crypt:3  | Found a runed translucent gate.
 70454 | Crypt:3  | Found an opulent altar of Gozag.
 70455 | Crypt:3  | Found a runed translucent gate.
 70456 | Crypt:3  | Noticed Gith's ghost (veteran MeFi)
 70458 | Crypt:3  | Found Vofiphog's Assorted Antiques.
 70948 | Crypt:3  | Found a staircase to the Tomb.
 71092 | Crypt:3  | Received a gift from Trog
 71607 | Crypt:3  | Found an ancient bone altar of Kikubaaqudgha.
 71897 | Crypt:3  | Identified the staff "Cuac Bill" {rF+ rN++ Fire}
 71899 | Crypt:3  | Identified the staff "Naga's Peril" {Stlth+ Summ Earth}
 72160 | Crypt:3  | Received a gift from Trog
 72388 | Crypt:3  | Reached XP level 26. HP: 249/277 MP: 24/24
 72878 | Crypt:2  | Killed Gith's ghost
 72879 | Crypt:2  | Reached skill level 24 in Fighting
 74371 | Vaults:5 | Entered Level 5 of the Vaults
 74653 | Vaults:5 | Received a gift from Trog
 75302 | Vaults:5 | Noticed an ancient lich
 75309 | Vaults:5 | Killed an ancient lich
 75666 | Vaults:5 | Reached skill level 15 in Dodging
 76416 | Vaults:5 | Received a gift from Trog
 76474 | Vaults:5 | Identified the ring "Hogatax" {^Drain rElec rC+ MP+9 Str+3}
 76598 | Vaults:5 | Acquired the ring of Untruth {rPois rN+ Will+ Int+6 Dex+2}
 76714 | Vaults:5 | Got a silver rune of Zot
 76930 | Vaults:5 | Identified the staff of Byigorgh {rN+ MP-9 Conj}
 78524 | Swamp:4  | Got a decaying rune of Zot
 78898 | Zot:1    | Entered Level 1 of the Realm of Zot
 78928 | Depths:4 | Bought a scroll of revelation for 315 gold pieces
 78928 | Depths:4 | Bought a scroll of teleportation for 126 gold pieces
 78928 | Depths:4 | Bought a scroll of fear for 168 gold pieces
 79212 | Elf:3    | Bought a scroll of enchant weapon for 97 gold pieces
 79212 | Elf:3    | Bought a scroll of revelation for 97 gold pieces
 79919 | Zot:1    | Reached skill level 25 in Fighting
 80132 | Zot:2    | Reached XP level 27. HP: 285/290 MP: 24/24
 80963 | Zot:3    | Received a gift from Trog
 81070 | Zot:2    | Identified the +1 flail of Righteous Anger {freeze, Stlth+}
 82217 | Zot:3    | Noticed a dread lich
 82226 | Zot:3    | Killed a dread lich
 82227 | Zot:3    | Noticed a dread lich
 82236 | Zot:3    | Killed a dread lich
 82295 | Zot:3    | Noticed a dread lich
 82313 | Zot:3    | Noticed a dread lich
 82323 | Zot:3    | Killed a dread lich
 82325 | Zot:3    | Killed a dread lich
 82376 | Zot:3    | Identified the +4 barding of Dishonour {Int+2}
 82551 | Zot:3    | Noticed an orb of fire
 82572 | Zot:3    | Gained mutation: You occasionally lose the ability to read
                  | scrolls when taking damage. [an orb of fire]
 82581 | Zot:3    | Killed an orb of fire
 82582 | Zot:3    | Reached skill level 26 in Fighting
 82872 | Zot:3    | Received a gift from Trog
 84376 | Zot:5    | Entered Level 5 of the Realm of Zot
 85412 | Zot:5    | Noticed a dread lich
 85421 | Zot:5    | Killed a dread lich
 85475 | Zot:5    | Noticed an orb of fire
 85497 | Zot:5    | Killed an orb of fire
 85498 | Zot:5    | Reached skill level 27 in Fighting
 85999 | Zot:5    | Noticed a dread lich
 86006 | Zot:5    | Killed a dread lich
 86102 | Zot:5    | Noticed a dread lich
 86109 | Zot:5    | Killed a dread lich
 86533 | Zot:5    | Noticed a dread lich
 86538 | Zot:5    | Killed a dread lich
 86894 | Zot:5    | Noticed an ancient lich
 86897 | Zot:5    | Killed an ancient lich
 87967 | Zot:5    | Noticed an ancient lich
 87968 | Zot:5    | Noticed an orb of fire
 87983 | Zot:5    | Killed an ancient lich
 87994 | Zot:5    | Gained mutation: You occasionally shout uncontrollably at
                  | your foes. [an orb of fire]
 88005 | Zot:5    | Killed an orb of fire
 88562 | Zot:5    | Got the Orb of Zot
 88846 | Depths:1 | Noticed Pirchap the pandemonium lord
 88855 | Depths:1 | Killed Pirchap the pandemonium lord
 89049 | D:8      | Noticed Meraf the pandemonium lord
 89055 | D:8      | Killed Meraf the pandemonium lord
 89156 | D:$      | Escaped with the Orb!

Illustrated notes

Levels and vault maps discovered:
D:1:      onia_arrival_handbag, layout_basic, serial_shops,
          nicolae_shop_tiny_statue_garden, st_stairs_13
D:2:      layout_loops_corners, minivault_4, columned_hall_lemuel,
          hangedman_decor_opposing, chequers_big_river, serial_park_tiny_2,
          minmay_pentomino_v2, uniq_terence
D:3:      layout_basic, mainiacjoe_overflow_alcove_2,
          chequers_temple_overflow_minitemple, shapermc_ecumenical_altar_ellora,
          minmay_misc_feat_tiny, kennysheep_generic_room_12
D:4:      layout_cave_pods, mainiacjoe_overflow_catwalk,
          minmay_temple_entry_grid, minmay_manual_mail, uniq_eustachio,
          uniq_robin, uniq_edmund
D:5:      layout_loops_cross, serial_shops, kennysheep_little_box, uniq_pikel
D:6:      layout_cave_pools, makhleb_altar_promises_db, roderic_serpentine_path,
          uniq_blork_the_orc
D:7:      layout_loops_ring, lemuel_doored_altar, serial_shops,
          nicolae_shop_stone, minmay_misc_feat_enclosed
D:8:      layout_gridville, kennysheep_mini_moat, hellmonk_lair_entry_icy,
          minmay_shop_chei, minmay_parallelograms, st_stairs_7,
          minmay_chambers_of_fives
D:9:      layout_rooms, orc_0_dummy, enter_bailey_3
D:10:     layout_basic
D:11:     layout_cave_pods, ebering_ghost_inner_flame
D:12:     minmay_box_of_statues, layout_small_grid,
          serial_library_regret_index_small_wings
D:13:     layout_irregular_city, hellmonk_vaults_keyhole, gammafunk_ghost_grave
D:14:     layout_irregular_city, grunt_decor_one_mirror, gauntlet_entry_generic,
          uniq_louise
D:15:     hangedman_depths_entry_try_elsewhere_first, layout_gridville,
          serial_park_fountain, nicolae_elyvilon_peaceful_grove, uniq_rupert,
          uniq_kirke
Lair:1:   layout_concentric_octagons, serial_bayou_shore_a,
          serial_bayou_shore_b, uniq_maggie, uniq_erica
Lair:2:   layout_long_grid, alex1729_swamp_entry_worm_eleionoma,
          nicolae_spider_entry_lesser_pyramids, minivault_23,
          beast_lair_carwin_6, lemuel_fruit_fields
Lair:3:   layout_long_grid
Lair:4:   layout_roguey, slime_entry_2, nicolae_lair_run_with_the_wolves,
          infiniplex_staircase_pool, grunt_megastairs_3, uniq_josephine,
          uniq_nessos
Lair:5:   minmay_lair_end_enchanted_forest, layout_hall_layers,
          portal_ice_cave_demonic_guard, disabler_island, uniq_snorg
Swamp:1:  layout_basic_swamp, nicolae_swamp_ascending_descending_big,
          swamp_pool_1_2, nicolae_swamp_some_circles
Swamp:2:  layout_basic_swamp, nicolae_swamp_tree_isthmus, swamp_pool_4,
          nzn_swamp_dancing_lights
Swamp:3:  layout_basic_swamp, nicolae_swamp_trees_clearing, swamp_pool_1_2,
          hangedman_swamp_cone, hangedman_swamp_double_dragon
Swamp:4:  swamp_fiery, layout_basic_swamp, cheibrodos_swamp_pet_leeches,
          infiniplex_staircase_pool_2, uniq_aizul
Spider:1: layout_chambers, uniq_frances
Spider:2: layout_spider_delve, uniq_donald
Spider:3: layout_cave_pods
Spider:4: johnstein_spider_rune_arachne_lair, uniq_roxanne
Orc:1:    layout_caves, basic_altar, serial_shops, shop, uniq_jorgrun
Orc:2:    pf_orc_diabolical, layout_caves
Elf:1:    layout_geoelf_octagon, minivault_28, billiards_dpeg, uniq_asterion
Elf:2:    nicolae_elf_blades_crystal_corner, layout_loops_corners, serial_shops,
          shop, uniq_zenata
Elf:3:    minmay_elf_hall_x, layout_gridlike, serial_shops,
          nicolae_shop_just_a_little_nook, shop, shop_statue,
          nicolae_shop_peninsula, kilobyte_rumbling_trees
Vaults:1: portal_desolation_entry_salt, nicolae_vaults_oozy_zoo,
          vaults_dpeg_emergency_exit, ontoclasm_vaults_bender,
          nicolae_vaults_network_periphery, v_pattern_1,
          nicolae_vaults_more_shelving_2, nicolae_vaults_ninety_degrees,
          v_misc_15, ontoclasm_vaults_ring_square,
          nicolae_vaults_mini_display_case, v_misc_13, ontoclasm_vaults_hangar,
          v_misc_17, layout_vaults_omnibox
Vaults:2: nicolae_vaults_tangram_2, minmay_crypt_entry_nasty_monster,
          nicolae_vaults_triangles, nicolae_vaults_network_barrier,
          vaults_room_large_hall, nicolae_vaults_trapezoid_1,
          nicolae_vaults_corridor_and_loot_room, v_misc_18,
          hangedman_vaults_maws, nicolae_vaults_yaktaur_gun_rack,
          vaults_room_pool, nicolae_vaults_trapezoid_lopsided_3,
          layout_vaults_omnigrid, uniq_mennas
Vaults:3: v_pattern_4, hangedman_vaults_unwind, st_hourglassy,
          nicolae_vaults_network_star, v_misc_24, v_alt_pattern_6,
          vaults_room_semicircle, layout_vaults_chaotic_city, serial_shops, shop
Vaults:4: hangedman_vaults_locks, nicolae_vaults_three_branches,
          nicolae_vaults_closet_pinwheel_3, ontoclasm_vaults_ring_square,
          nicolae_vaults_tangram_1, nicolae_vaults_windows_and_doors_thing,
          nicolae_vaults_shipping_containers_4, nicolae_vaults_alarming,
          nicolae_vaults_closet_pinwheel_6, ontoclasm_vaults_pinch,
          vaults_dpeg_cross, nicolae_vaults_little_squares_4,
          vaults_room_stairs_pillars, layout_vaults_maze_snakey
Vaults:5
Crypt:1:  layout_catacombs
Crypt:2:  layout_misc_corridors, grunt_ministairs_5, st_stairs_8,
          beargit_elvish_explorers
Crypt:3:  church_of_pain_bobbens, layout_chaotic_city, ebering_ghost_gozag,
          st_stairs_8, serial_sigils_hangedman_etch,
          serial_library_hellmonk_open_cross
Depths:1: layout_small_grid, hangedman_tar_grid_catacomb,
          rand_demon_pan_entry_3, serial_shops, nicolae_shop_back_alley_shop,
          basic_altar, kennysheep_generic_room_16, uniq_mara
Depths:2: regret_index_malice_mire, layout_cave_pools, enter_ziggurat_f,
          rand_demon_pan_entry_8, amcnicky_mini_pool_small, hell_entry,
          infiniplex_staircase_trident
Depths:3: minmay_the_grid_octo_tiled_squarecenter
          [minmay_the_grid_octo_pinwheel, minmay_the_grid_octo_empty,
          minmay_the_grid_octo_vomiting_pacman, minmay_the_grid_octo_teeth,
          minmay_the_grid_square_5x5_megaprize_crossed,
          minmay_the_grid_square_5x5_v, minmay_the_grid_square_5x5_shuriken,
          minmay_the_grid_square_5x5_hourglass,
          minmay_the_grid_square_5x5_dogpile], layout_cave_shapes,
          hangedman_abyss_entry_splay, lightli_too_deep, serial_bayou_pond_a,
          zin_statuary
Depths:4: hangedman_spin_cycle, hell_entry, uniq_josephina, uniq_xtahua
Zot:1:    layout_misc_corridors
Zot:2:    layout_twisted_circle, grunt_megastairs_5
Zot:3:    hellmonk_paralyzer, layout_basic
Zot:4:    layout_onion, regret_index_zotdec_banners
Zot:5:    layout_basic, lemuel_golem_globe

Skill      XL: |  1  2  3  4  5  6  7  8  9 10 11 12 13 14 15 16 17 18 19 20 21 22 23 24 25 26 27 |
---------------+----------------------------------------------------------------------------------+-----
Fighting       | 3 4 5 7 10 11 12 13 15 16 17 18 19 20 21 22 23 25 27 | 27.0
Armour         | 2 3 4 5 6 7 8 9 10 11 12 13 14 15 16 | 16.6
Maces & Flails | 3 4 6 7 9 11 13 | 13.9
Ranged Weapons | 5 7 9 10 12 13 14 16 17 18 | 18.0
Evocations     | 3 5 7 9 10 12 13 14 15 16 18 20 | 20.7
Staves         | 5 6 7 9 10 11 12 | 12.9
Stealth        | 6 8 10 13 | 13.5
Dodging        | 3 5 6 8 9 10 12 13 15 16 | 16.6
Spellcasting   | |  1.0
Alchemy        | |  1.2
Invocations    | |  1.0

Action                     |  1- 3 |  4- 6 |  7- 9 | 10-12 | 13-15 | 16-18 | 19-21 | 22-24 | 25-27 || total
---------------------------+-------+-------+-------+-------+-------+-------+-------+-------+-------++-------
  Melee: Dagger            |     9 |       |       |       |       |       |       |       |       ||     9
         Quarterstaff      |    60 |   233 |   226 |   163 |   297 |       |       |       |       ||   979
         Morningstar       |       |       |    81 |   137 |       |       |       |       |       ||   218
         Punch             |       |       |     1 |     1 |       |       |       |       |    13 ||    15
         Constrict         |       |       |       |       |    69 |    56 |   118 |    89 |   149 ||   481
         Lajatang          |       |       |       |       |   104 |   233 |   536 |   534 |   456 ||  1863
         Arbalest          |       |       |       |       |       |     1 |       |       |       ||     1
         Eveningstar       |       |       |       |       |       |       |       |       |   548 ||   548
         Demon whip        |       |       |       |       |       |       |       |       |    23 ||    23
   Fire: Arbalest          |       |       |    64 |   389 |  1084 |   762 |  1118 |  1128 |  1394 ||  5939
  Throw: Dart              |     2 |       |     2 |     1 |       |     4 |       |     1 |       ||    10
 Invoke: Berserk           |       |       |     6 |     2 |     4 |     3 |     3 |     2 |     3 ||    23
         Trog's Hand       |       |       |       |     1 |     2 |     1 |     1 |     3 |     8 ||    16
         Brothers in Arms  |       |       |       |       |       |     2 |     4 |     2 |     4 ||    12
Ability: Spit Poison       |     1 |       |     1 |       |       |       |       |       |       ||     2
  Evoke: Wand              |       |       |     1 |     2 |     4 |     3 |       |       |     1 ||    11
         Condenser vane    |       |       |       |       |       |     1 |     1 |     2 |     2 ||     6
         Lightning rod     |       |       |       |       |       |       |     5 |     6 |     4 ||    15
         Sack of spiders   |       |       |       |       |       |       |       |     1 |       ||     1
    Use: Scroll            |       |    10 |     6 |     6 |     7 |     6 |     6 |     5 |    16 ||    62
         Potion            |       |       |       |     1 |     1 |     2 |       |     2 |    11 ||    17
   Stab: Sleeping          |     6 |     5 |     1 |       |       |     2 |     3 |     9 |     6 ||    32
         Paralysed         |       |       |       |     8 |       |       |       |       |       ||     8
         Petrified         |       |       |       |       |     7 |       |       |       |       ||     7
         Distracted        |       |       |       |       |     1 |       |     5 |     3 |     1 ||    10
 Armour: Ring mail         |    37 |   380 |   529 |   205 |   435 |   531 |   854 |   871 |   776 ||  4618
         Leather armour    |     4 |       |       |       |       |       |       |       |       ||     4
         Acid dragon scale |       |       |       |   280 |   346 |       |       |       |       ||   626
         Robe              |       |       |       |       |       |       |       |       |   501 ||   501
  Dodge: Dodged            |    45 |   487 |   547 |   342 |   608 |   481 |   592 |   681 |  1161 ||  4944
  Block: Other             |       |       |       |       |    13 |    85 |   142 |   166 |   258 ||   664
         Reflection        |       |       |       |       |     6 |     3 |    17 |    16 |     7 ||    49

Table legend: (Time is in decaauts)
 A = Elapsed time spent in this place.
 B = Non-inter-level travel time spent in this place.
 C = Inter-level travel time spent in this place.
 D = Time resting spent in this place.
 E = Time spent auto-exploring this place.
 F = Levels seen in this place.
 G = Mean time per level.
                   A        B        C        D        E       F      G
               +--------+--------+--------+--------+--------+-----+--------+
         Total |  98452 |  86848 |  11604 |  26058 |  40000 |  54 | 1823.2 |
       Dungeon |  20217 |  16252 |   3965 |    939 |  11162 |  15 | 1347.8 |
          Lair |   8990 |   7422 |   1568 |    825 |   4355 |   5 | 1798.0 |
         Swamp |   5783 |   5122 |    661 |   2051 |   2206 |   4 | 1445.8 |
   Spider Nest |  10011 |   9348 |    663 |   3374 |   4530 |   4 | 2502.8 |
  Orcish Mines |   3463 |   3257 |    206 |   1814 |    826 |   2 | 1731.5 |
   Elven Halls |   7360 |   6644 |    716 |   2489 |   2528 |   3 | 2453.3 |
        Vaults |  13496 |  11796 |   1700 |   3805 |   4994 |   5 | 2699.2 |
         Crypt |   6307 |   5974 |    333 |   2172 |   2494 |   3 | 2102.3 |
        Depths |   9490 |   8200 |   1290 |   3405 |   2794 |   4 | 2372.5 |
           Zot |   9879 |   9379 |    500 |   4007 |   3194 |   5 | 1975.8 |
        Bailey |    407 |    407 |      0 |    104 |     64 |   1 |  407.0 |
      Ice Cave |   1125 |   1125 |      0 |    482 |    200 |   1 | 1125.0 |
    Desolation |   1431 |   1431 |      0 |    537 |    351 |   1 | 1431.0 |
      Gauntlet |    487 |    487 |      0 |     48 |    296 |   1 |  487.0 |
               +--------+--------+--------+--------+--------+-----+--------+

Top non-repeatable levels by time:
   Zot:5: 4112 daAuts
   Elf:3: 4006 daAuts
Vaults:1: 3671 daAuts
Spider:4: 3633 daAuts
Depths:3: 3220 daAuts
 Crypt:3: 3141 daAuts
Vaults:5: 2998 daAuts
  Lair:2: 2985 daAuts
Vaults:2: 2816 daAuts
   Orc:2: 2691 daAuts
Spider:2: 2481 daAuts
Vaults:3: 2329 daAuts
Depths:4: 2304 daAuts
Depths:1: 2176 daAuts
Spider:1: 2139 daAuts
